 Dungeon Crawl Stone Soup version 0.23.2-1-ga50397a (webtiles) character file.

Game seed: 4981859729569030122

2062 prawnwizard the Magician (level 9, 0/69 HPs)
             Began as a Gnoll Skald on May 10, 2019.
             Was an Initiate of Sif Muna.
             Slain by an unseen horror (7 damage)
             ... on level 8 of the Dungeon.
             The game lasted 00:23:35 (8002 turns).

prawnwizard the Magician (Gnoll Skald)              Turns: 8002, Time: 00:23:36

Health: 0/69       AC:  7    Str: 14    XL:     9   Next: 25%
Magic:  13/18      EV: 14    Int: 19    God:    Sif Muna [......]
Gold:   360        SH:  0    Dex: 14    Spells: 4/20 levels left

rFire    + . .     SeeInvis .   q - +4 dagger (flame)
rCold    . . .     Gourm    .   (no shield)
rNeg     . . .     Faith    .   v - +0 ring mail (curse)
rPois    .         Spirit   .   (no helmet)
rElec    .         Reflect  .   (no cloak)
rCorr    .         Harm     .   t - +0 pair of gloves
MR       .....                  (no boots)
Stlth    ++........             (no amulet)
HPRegen  1.21/turn              w - ring of protection from fire
MPRegen  0.16/turn              (no ring)

@: shrouded, regenerating (expiring)
A: distributed training, fangs 1, strong nose
a: Renounce Religion


You were on level 8 of the Dungeon.
You worshipped Sif Muna.
Sif Muna was noncommittal.
You were not hungry.

You visited 2 branches of the dungeon, and saw 9 of its levels.
You also visited: Ossuary.

You collected 390 gold pieces.
You spent 30 gold pieces at shops.

Inventory:

Hand Weapons
 a - a +0 falchion
 k - a +1 antimagic hand axe
 q - a +4 dagger of flaming (weapon)
Missiles
 j - 128 bolts
Armour
 t - a +0 pair of gloves (worn)
 v - a cursed +0 ring mail (worn)
 y - a +1 plate armour
Jewellery
 w - a ring of protection from fire (left hand)
Scrolls
 b - 2 scrolls of fog
 c - 5 scrolls of remove curse
 e - 2 scrolls of teleportation
 h - 3 scrolls of identify
 m - 2 scrolls of magic mapping
 n - a scroll of blinking
 r - a scroll of immolation
Potions
 f - 8 potions of curing
 g - a potion of lignification
 i - 3 potions of brilliance
 l - 2 potions of magic
 o - a potion of flight {unknown}
 p - a potion of mutation {unknown}
 s - a potion of degeneration {unknown}
 u - 3 potions of might {unknown}
 x - 2 potions of invisibility {unknown}
 z - a potion of resistance {unknown}
Comestibles
 d - 4 rations
 A - a chunk of flesh


   Skills:
 + Level 6.1 Fighting
 + Level 4.0 Short Blades
 + Level 6.1 Long Blades
 + Level 4.0 Axes
 + Level 4.0 Maces & Flails
 + Level 4.0 Polearms
 + Level 4.0 Staves
 + Level 4.0 Slings
 + Level 4.0 Bows
 + Level 4.0 Crossbows
 + Level 4.0 Throwing
 + Level 4.8 Armour
 + Level 6.1 Dodging
 + Level 4.0 Stealth
 + Level 4.0 Shields
 + Level 4.0 Unarmed Combat
 + Level 6.4 Spellcasting
 + Level 3.2 Conjurations
 + Level 3.2 Hexes
 + Level 6.4 Charms
 + Level 3.2 Summonings
 + Level 3.2 Necromancy
 + Level 3.2 Translocations
 + Level 3.2 Transmutations
 + Level 3.2 Fire Magic
 + Level 3.2 Ice Magic
 + Level 3.2 Air Magic
 + Level 3.2 Earth Magic
 + Level 3.2 Poison Magic
 + Level 4.4 Invocations
 + Level 4.0 Evocations


You had 4 spell levels left.
You knew the following spells:

 Your Spells              Type           Power        Failure   Level  Hunger
a - Infusion              Chrm           ####         1%          1    None
b - Song of Slaying       Chrm           ####....     2%          2    None
c - Shroud of Golubria    Chrm/Tloc      ###.......   4%          2    None
d - Regeneration          Chrm/Necr      ###.......   9%          3    ##.....
e - Spectral Weapon       Hex/Chrm       ###.....     9%          3    ##.....
f - Static Discharge      Conj/Air       ###.....     16%         3    ##.....
g - Swiftness             Chrm/Air       ###.....     4%          2    None

Your spell library contained the following spells:

 Spells                   Type           Power        Failure   Level  Hunger
 Shock                    Conj/Air       ###.         5%          1    None
 Airstrike                Air            ###.......   47%         4    ####...
 Lightning Bolt           Conj/Air       ###.......   83%         5    #####..


Dungeon Overview and Level Annotations

Branches:
Dungeon (8/15)             Temple (1/1) D:7
   Lair: D:8-11

Altars:
Ashenzari
Cheibriados
Dithmenos
Elyvilon
Fedhas
Gozag
Hepliaklqana
Kikubaaqudgha
Makhleb
Nemelex Xobeh
Okawaru
Qazlal
Ru
Sif Muna
Trog
Uskayaw
Vehumet
Wu Jian
Xom
Yredelemnul
Zin
The Shining One

Shops:
D:4 (   D:6 (   D:7 *


Innate Abilities, Weirdness & Mutations

Your experience applies equally to all skills.
You have very sharp teeth.
Your uncanny sense of smell can sniff out nearby items.


Message History

* * * LOW HITPOINT WARNING * * *
Something hits you.
* * * LOW HITPOINT WARNING * * *
You closely miss something. Something hits you but does no damage.
Something hits you but does no damage. Something hits you!
* * * LOW HITPOINT WARNING * * *
Casting: Regeneration (safe; 9% risk of failure)
Confirm with . or Enter, or press ? or * to list all spells.
Your skin crawls.
Something barely misses you.
Casting: Regeneration (safe; 9% risk of failure)
Confirm with . or Enter, or press ? or * to list all spells.
Space distorts slightly along a thin shroud covering your body.
Something hits you but does no damage.
Your shroud bends something's attack away.
You miss something. Something hits you!
* * * LOW HITPOINT WARNING * * *
You closely miss something.
Your skin is crawling a little less now.
Something hits you!
You die...

#############+#.
................
................
........@.......
.........{......
............(...
+#######'###############
+........(........#
#.................#
#..(....รท.(((.....#
#............##)..#
#............######


There were no monsters in sight!

Vanquished Creatures
  A hippogriff (D:7)
  Edmund (D:4)
  A sky beast (D:6)
  A black bear (D:6)
  A phantom (D:5)
  2 ice beasts
  An ogre (D:6)
  3 centaurs
  4 water moccasin zombies (Ossuary)
  2 scorpions
  A crimson imp (D:6)
  A centaur skeleton (D:6)
  4 orc wizards (D:5)
  An orc priest (D:5)
  An iguana (D:4)
  5 worker ants
  3 big kobold zombies (Ossuary)
  3 mummies
  9 adders
  An ooze (D:4)
  3 adder zombies (Ossuary)
  5 worms
  2 dart slugs
  3 leopard geckos
  16 orcs
  8 bats
  5 giant cockroaches
  6 goblins
  10 hobgoblins
  8 jackals
  3 quokkas
  2 ball pythons
  3 frilled lizards
  2 gnoll zombies (Ossuary)
  5 hobgoblin zombies
  A jackal skeleton (D:6)
  4 kobolds
  3 kobold zombies (Ossuary)
  8 orc zombies
  9 rats
152 creatures vanquished.

Notes
Turn   | Place    | Note
-------+----------+-------------------------------------------
     0 | D:1      | prawnwizard the Gnoll Skald began the quest for the Orb.
     0 | D:1      | Reached XP level 1. HP: 20/20 MP: 6/6
    99 | D:1      | Reached XP level 2. HP: 16/26 MP: 1/7
   754 | D:2      | Reached XP level 3. HP: 31/31 MP: 6/9
   762 | D:2      | Reached skill level 5 in Spellcasting
  1038 | D:2      | Reached skill level 1 in Invocations
  1137 | D:2      | Reached skill level 1 in Short Blades
  1137 | D:2      | Reached skill level 1 in Axes
  1137 | D:2      | Reached skill level 1 in Maces & Flails
  1137 | D:2      | Reached skill level 1 in Polearms
  1137 | D:2      | Reached skill level 1 in Staves
  1137 | D:2      | Reached skill level 1 in Slings
  1137 | D:2      | Reached skill level 1 in Bows
  1137 | D:2      | Reached skill level 1 in Crossbows
  1137 | D:2      | Reached skill level 1 in Throwing
  1137 | D:2      | Reached skill level 1 in Stealth
  1137 | D:2      | Reached skill level 1 in Shields
  1137 | D:2      | Reached skill level 1 in Unarmed Combat
  1137 | D:2      | Reached skill level 1 in Evocations
  1137 | D:2      | Reached XP level 4. HP: 12/38 MP: 3/11
  2305 | D:2      | Reached skill level 1 in Conjurations
  2305 | D:2      | Reached skill level 1 in Hexes
  2305 | D:2      | Reached skill level 1 in Summonings
  2305 | D:2      | Reached skill level 1 in Necromancy
  2305 | D:2      | Reached skill level 1 in Translocations
  2305 | D:2      | Reached skill level 1 in Transmutations
  2305 | D:2      | Reached skill level 1 in Fire Magic
  2305 | D:2      | Reached skill level 1 in Ice Magic
  2305 | D:2      | Reached skill level 1 in Air Magic
  2305 | D:2      | Reached skill level 1 in Earth Magic
  2305 | D:2      | Reached skill level 1 in Poison Magic
  2596 | D:3      | Reached XP level 5. HP: 38/43 MP: 12/12
  2910 | D:3      | Learned a level 2 spell: Song of Slaying
  2913 | D:3      | Learned a level 2 spell: Shroud of Golubria
  2917 | D:3      | Learned a level 3 spell: Regeneration
  2921 | D:3      | Learned a level 3 spell: Spectral Weapon
  3001 | D:4      | Reached XP level 6. HP: 35/50 MP: 13/13
  3287 | D:4      | Reached skill level 5 in Fighting
  3287 | D:4      | Reached skill level 5 in Long Blades
  3287 | D:4      | Reached skill level 5 in Dodging
  3458 | D:4      | Found Egryhorch's Weapon Shop.
  3493 | D:4      | Noticed Edmund
  3951 | D:4      | Killed Edmund
  3951 | D:4      | Reached XP level 7. HP: 26/56 MP: 8/15
  4242 | D:5      | Entered Level 5 of the Dungeon
  5591 | D:5      | Reached XP level 8. HP: 43/63 MP: 6/16
  6201 | D:6      | Found a shadowy altar of Dithmenos.
  6433 | D:6      | Found Oxowkeg's Weapon Shoppe.
  6541 | D:7      | Found Akoc's General Store.
  6549 | D:7      | Bought a potion of curing for 30 gold pieces
  6574 | D:7      | You fall through a shaft!
  6587 | D:7      | Noticed a hippogriff
  6597 | D:7      | Killed a hippogriff
  6670 | D:7      | Found a staircase to the Ecumenical Temple.
  6773 | Temple   | Entered the Ecumenical Temple
  6875 | Temple   | Became a worshipper of Sif Muna the Loreminder
  7005 | D:7      | Found a sand-covered staircase.
  7015 | Ossuary  | Entered an ossuary
  7097 | Ossuary  | Reached XP level 9. HP: 61/69 MP: 18/18
  7319 | D:7      | Found a glowing silver altar of Zin.
  7852 | D:7      | Learned a level 3 spell: Static Discharge
  7855 | D:7      | Learned a level 2 spell: Swiftness
  8002 | D:8      | Slain by an unseen horror

Skill      XL: |  1  2  3  4  5  6  7  8  9 |
---------------+----------------------------+-----
Spellcasting   | 5 6 |  6.4
Invocations    | 1 2 3 4 |  4.4
Short Blades   | 1 2 3 4 |  4.0
Axes           | 1 2 3 4 |  4.0
Maces & Flails | 1 2 3 4 |  4.0
Polearms       | 1 2 3 4 |  4.0
Staves         | 1 2 3 4 |  4.0
Slings         | 1 2 3 4 |  4.0
Bows           | 1 2 3 4 |  4.0
Crossbows      | 1 2 3 4 |  4.0
Throwing       | 1 2 3 4 |  4.0
Stealth        | 1 2 3 4 |  4.0
Shields        | 1 2 3 4 |  4.0
Unarmed Combat | 1 2 3 4 |  4.0
Evocations     | 1 2 3 4 |  4.0
Conjurations   | 1 2 3 |  3.2
Hexes          | 1 2 3 |  3.2
Summonings     | 1 2 3 |  3.2
Necromancy     | 1 2 3 |  3.2
Translocations | 1 2 3 |  3.2
Transmutations | 1 2 3 |  3.2
Fire Magic     | 1 2 3 |  3.2
Ice Magic      | 1 2 3 |  3.2
Air Magic      | 1 2 3 |  3.2
Earth Magic    | 1 2 3 |  3.2
Poison Magic   | 1 2 3 |  3.2
Armour         | 3 4 |  4.8
Fighting       | 5 6 |  6.1
Long Blades    | 5 6 |  6.1
Dodging        | 5 6 |  6.1
Charms         | 6 |  6.4

Action                   |  1- 3 |  4- 6 |  7- 9 || total
-------------------------+-------+-------+-------++-------
Melee: Falchion          |    49 |       |       ||    49
       Bite              |     9 |    39 |    33 ||    81
       Hand axe          |    61 |    90 |       ||   151
       Dagger            |       |   154 |   364 ||   518
       Punch             |       |     2 |    11 ||    13
 Cast: Infusion          |     5 |     5 |     6 ||    16
       Song of Slaying   |       |     4 |     3 ||     7
       Shroud of Golubri |       |     1 |    10 ||    11
       Regeneration      |       |       |     3 ||     3
       Spectral Weapon   |       |       |     1 ||     1
  Use: Scroll            |       |     8 |     5 ||    13
       Potion            |       |       |     3 ||     3
 Stab: Sleeping          |       |       |     1 ||     1
  Eat: Chunk             |       |     8 |     9 ||    17
       Ration            |       |     1 |     1 ||     2
Armor: Leather armour    |     1 |       |       ||     1
       Ring mail         |    32 |    23 |     8 ||    63
       Scale mail        |       |    58 |    94 ||   152
       Plate armour      |       |       |    30 ||    30
Dodge: Dodged            |    88 |   196 |   135 ||   419
       Rpst.: Falchion   |    17 |       |       ||    17
